[Event "Late-Titled-Tuesday-Blitz-May-28-2024"]
[Site "Chess.com"]
[Date "2024.05.28"]
[Round "9"]
[White "lrjchess"]
[Black "NMJeevanK"]
[Result "0-1"]
[WhiteElo "2505"]
[BlackElo "2689"]
[TimeControl "180+1"]
[EndTime "15:45:18 PDT"]
[Termination "NMJeevanK won by resignation"]

1. e4 e5 2. Nf3 Nc6 3. Bc4 Be7 4.
O-O Nf6 5. Re1 O-O 6. h3 d6 7.
c3 a6 8. d4 exd4 9. cxd4 d5 10. exd5 Nxd5 11. Nc3 Be6 12. Bb3 Bb4 13. Bd2 Qd7 14.
a3 Bxc3 15. bxc3 b5 16. Ng5 Bf5 17. a4 h6 18. Ne4 Rad8 19. Nc5 Qd6 20. axb5 axb5 21.
Nb7 Qg6 22. Nxd8 Rxd8 23. Qf3 Nb6 24. g4 Bc8 25. Bf4 Qf6 26. Qe4 Bb7 27. Bc2 g6 28.
Bxc7 Nxd4 29. Bxd8 Nf3+ 30. Kf1 Nd2+ 31. Kg1 Nf3+ 32.
Kf1 Nd2+ 33. Ke2 Qxc3 34. Qxb7 Qxc2 35. Rac1 Qa2 36. Qxb6 Nc4+ 37. Kf1 Nxb6 38. Bxb6 Qd5 39. Kg1 g5 40. Be3 Qf3 41. Kh2 b4 42. Rb1 Qe4 43. Rb2 Qe5+ 44. Kg2 Qxb2 45. Rd1 b3 46.
Rd8+ Kh7 47. Bd4 Qc2 48. Rh8+ Kg6 49. Rg8+ Kh7 50. Rh8+ Kg6 51. Rg8+ Kh7 52. Rg7+ Kh8 53. Rxg5+ Kh7 54. Rg7+ Kh8 55. Rg6+ Kh7 56. Rg7+ Kh8 57. Rxf7+ Kg8 58. Rg7+ Kf8 59. Rd7 Qc6+ 60. Kg3 Qxd7 61.
Bb2 Kf7 62. f4 Qd2 63. Kh4 0-1

[Event "Late-Titled-Tuesday-Blitz-May-28-2024"]
[Site "Chess.com"]
[Date "2024.05.28"]
[Round "9"]
[White "Kielinkei"]
[Black "bubeliang"]
[Result "0-1"]
[WhiteElo "2472"]
[BlackElo "2784"]
[TimeControl "180+1"]
[EndTime "15:45:18 PDT"]
[Termination "bubeliang won by resignation"]

1. c4 e6 2. g3 d5 3. Bg2 Nf6 4. Nf3 dxc4 5. O-O Be7 6. Qc2 O-O 7.
Qxc4 a6 8. Qb3 b5 9. d4 Bb7 10. Nc3 Nbd7 11. Rd1 Qc8 12. Bf4 c5 13. dxc5 Nxc5 14.
Qc2 Nce4 15. Rac1 Nxc3 16. Qxc3 Qxc3 17. Rxc3 Nd5 18. Rcd3 Nxf4 19. gxf4 Bf6 20. Ne5 Bxg2 21. Kxg2 Rac8 22. Nd7 Rfe8 23. Nxf6+ gxf6 24. R1d2 Rc4 25. e3 Rec8 26. Rd6 R4c6 27. Kf3 f5 28. Rd7 Kg7 29.
Ra7 R8c7 30. Rxc7 Rxc7 31. Rd6 Rc2 32. Rxa6 Rxb2 33. Rb6 b4 34. Rb7 Kf8 35. Kg3 Ke8 36. Kf3 h6 37. h4 h5 38. Kg3 Kd8 39. Rxf7 Rxa2 40. Rb7 Rb2 41. f3 Kc8 42. Rb6 Kd7 43. e4 b3 44. exf5 exf5 45. Rf6 Rb1 46. Rb6 Kc7 47.
Rb4 Kc6 48. Kf2 Kc5 49. Rb8 Kd4 50. Rd8+ Kc3 51. Rc8+ Kd3 52. Rc5 Rb2+ 53. Kg3 Rc2 54.
Rxf5 Rc4 55. Rb5 Kc2 56. f5 b2 57. f6 Rc6 58. Kf4 Rxf6+ 59. Kg5 Rxf3 60. Rxb2+ Kxb2 61. Kxh5 Rg3 62. Kh6 Kc3 63. h5 Kd4 64. Kh7 Ke5 65. h6 Kf6 66. Kh8 Kg6 67. h7 Ra3 0-1

[Event "Late-Titled-Tuesday-Blitz-May-28-2024"]
[Site "Chess.com"]
[Date "2024.05.28"]
[Round "9"]
[White "WindWhistler11"]
[Black "Rodalquilar"]
[Result "0-1"]
[WhiteElo "2519"]
[BlackElo "2785"]
[TimeControl "180+1"]
[EndTime "15:45:18 PDT"]
[Termination "Rodalquilar won by checkmate"]

1. Nf3 d5 2. g3 Nf6 3. Bg2 Bf5 4.
c4 c6 5. O-O e6 6. b3 Be7 7. Bb2 O-O 8. d3 h6 9. Nbd2 Bh7 10.
Rc1 a5 11. a3 Nbd7 12. Re1 Bd6 13. Nb1 e5 14. Nfd2 Qe7 15. e4 dxe4 16. Nxe4 Nxe4 17.
Bxe4 Bxe4 18. dxe4 Nc5 19. Qc2 Ne6 20. Rcd1 Rfd8 21.
Kg2 f6 22. Nd2 Bxa3 23. Bxa3 Qxa3 24. Nf1 Nd4 25. Rxd4 Rxd4 26. Ne3 Rad8 27. Qe2 Rxe4 28. Qf3 Red4 29. Nf5 a4 30. Re3 Qc5 31. bxa4 Rxc4 32. Rb3 Rd7 33. Qh5 Qd5+ 34. Kh3 Qe6 35. Qg6 Kf8 36.
g4 Rcd4 37. Rf3 Rd3 38. Ne3 Qf7 39. Qf5 R3d4 40. Kg3 Kg8 41. Qb1 e4 42. Rf4 Qe6 43.
Nf5 Qe5 44. Qb3+ Kh7 45. Qb6 g5 46. Nxd4 gxf4+ 47. Kh3 Qxd4 48. Qb3 Qd5 49. Qb1 f5 50.
Qg1 fxg4+ 51. Kg2 e3+ 52. Kf1 Qd1+ 53. Kg2 Qf3+ 54. Kf1 Rd1# 0-1

[Event "Late-Titled-Tuesday-Blitz-May-28-2024"]
[Site "Chess.com"]
[Date "2024.05.28"]
[Round "9"]
[White "giovannibrandao7"]
[Black "ploxoi"]
[Result "0-1"]
[WhiteElo "2282"]
[BlackElo "2420"]
[TimeControl "180+1"]
[EndTime "15:45:23 PDT"]
[Termination "ploxoi won by checkmate"]

1. h4 d5 2. h5 e5 3. h6 g6 4. e3 Bxh6 5. Ne2 Bg7 6. d4 Nc6 7. dxe5 Nxe5 8. Nbc3 Ne7 9. b3 c6 10. Bb2 Bf5 11. Qd2 Qb6 12. Ng3 O-O-O 13. O-O-O h5 14.
Nxf5 Nxf5 15. Ne2 Ng4 16. Bxg7 Nxg7 17. Nd4 Ne6 18. f3 Ne5 19. Nxe6 fxe6 20. Qd4 Qxd4 21. exd4 Nf7 22. Bd3 Rdg8 23. Rde1 Kd7 24. Re2 g5 25. Rhe1 Rh6 26. c4 Nd6 27. c5 Ne8 28. b4 Nc7 29. a4 g4 30. fxg4 Rxg4 31. Rf1 Ke7 32. Kc2 Ne8 33.
Kc3 Nf6 34. Rfe1 Nd7 35. Bf5 Rg3+ 36. Kc2 Nf8 37. Bh3 Rf6 38. Re3 Rxe3 39. Rxe3 Rf2+ 40. Kc3 Ra2 41. Kb3 Rf2 42. Re5 h4 43. Rh5 Rf4 44. Rh6 Kf7 45. Kc3 Kg7 46. Rh5 Re4 47. Rg5+ Kf6 48.
Rh5 Ng6 49. Rh7 Ne7 50. Rh8 Re3+ 51. Kc2 Nf5 52. Rb8 Nxd4+ 53. Kd2 Re2+ 54. Kd3 e5 55.
Rxb7 Rb2 56. Rxa7 Rb3+ 57. Kd2 Rxb4 58. a5 Nb3+ 59. Kd1 Nxc5 60. a6 Ra4 61. Bc8 e4 62. Rc7 Ke5 63. Rxc6 Kd4 64. Rg6 Kd3 65. Rg7 Ra1# 0-1

[Event "Late-Titled-Tuesday-Blitz-May-28-2024"]
[Site "Chess.com"]
[Date "2024.05.28"]
[Round "9"]
[White "Slovineanu"]
[Black "MusicCityMaster"]
[Result "1-0"]
[WhiteElo "2561"]
[BlackElo "2399"]
[TimeControl "180+1"]
[EndTime "15:45:26 PDT"]
[Termination "Slovineanu won by checkmate"]

1. d4 Nf6 2. Nf3 g6 3. Nbd2 d5 4. e3 Bg7 5. b4 O-O 6. c4 c6 7.
a4 dxc4 8. Bxc4 Nbd7 9. O-O Nb6 10. Be2 Bf5 11. Bb2 Ne4 12. a5 Nd5 13. Nxe4 Bxe4 14. Nd2 Nf6 15. Nxe4 Nxe4 16. a6 b6 17. Bf3 Qd5 18.
Qc2 f5 19. Rfc1 Rac8 20. Qc4 b5 21. Qa2 e6 22. Bc3 Rf7 23. Be1 Rd7 24. Qb1 e5 25. Rc5 Qf7 26. Bxe4 fxe4 27. dxe5 Qe6 28. Qxe4 Bf8 29.
Rc2 Rd5 30. f4 c5 31. Rac1 c4 32. Bc3 Rcd8 33. Rf2 Rd1+ 34. Rxd1 Rxd1+ 35. Rf1 Rxf1+ 36. Kxf1 h5 37. h3 Qxa6 38. Kf2 Qe6 39. Kf3 a5 40.
bxa5 b4 41. Bd4 c3 42. g4 hxg4+ 43. hxg4 Be7 44. f5 gxf5 45. gxf5 Qh6 46. f6 Qh1+ 47. Kf4 Qh4+ 48. Kf3 Qh1+ 49. Kf4 Qxe4+ 50. Kxe4 Bd8 51. a6 c2 52. Bb2 Bb6 53. Kd3 b3 54. e6 Kf8 55. f7 Ke7 56. Ba3+ Kxe6 57. f8=Q Bxe3 58. Kxe3 Kd5 59. Qb4 Kc6 60. Qxb3 c1=Q+ 61. Bxc1 Kc5 62. a7 Kd6 63. a8=Q Kc5 64. Qc8+ Kd6 65. Qd3+ Ke7 66.
Qc7+ Ke6 67. Qdd6+ Kf5 68. Qf7+ Kg5 69. Qdg6+ Kh4 70. Qfh7# 1-0

[Event "Late-Titled-Tuesday-Blitz-May-28-2024"]
[Site "Chess.com"]
[Date "2024.05.28"]
[Round "9"]
[White "Smiechu"]
[Black "Maect19"]
[Result "1-0"]
[WhiteElo "2461"]
[BlackElo "2297"]
[TimeControl "180+1"]
[EndTime "15:45:31 PDT"]
[Termination "Smiechu won by resignation"]

1. e4 e5 2. Nf3 Nc6 3. d4 exd4 4. Nxd4 Qf6 5. Nxc6 Bc5 6. Qf3 dxc6 7. Qxf6 Nxf6 8. f3 Be6 9. Nc3 O-O-O 10. Bg5 Be7 11. Be2 h6 12. Bh4 g5 13. Bg3 Nh5 14. Kf2 Bc5+ 15. Ke1 Bd6 16. Bxd6 cxd6 17. g3 d5 18. Rd1 Nf6 19. e5 Nd7 20. f4 gxf4 21.
gxf4 Bf5 22. Bd3 Bxd3 23. cxd3 Rhg8 24. Kf2 Rg4 25. Kf3 Rdg8 26. Ne2 Nc5 27. d4 Ne4 28.
Rhg1 h5 29. h3 Rxg1 30. Rxg1 Nd2+ 31. Kf2 Ne4+ 32. Ke3 Rxg1 33. Nxg1 Kd7 34. f5 Ng3 35. Kf4 h4 36. Nf3 Ne2+ 37. Ke3 Ng3 38. Nxh4 b6 39. Kf4 Ne2+ 40. Kg5 Nxd4 41. Kf6 Ke8 42. Ng2 Nf3 43.
h4 Nd2 44. h5 Kf8 45. e6 Ne4+ 46. Ke5 fxe6 47. fxe6 Ke7 48. Nf4 Ng5 49. Ng6+ Ke8 50.
h6 d4 51. Nf4 c5 52. b4 Ke7 53. bxc5 bxc5 54. Kd5 Kf6 55. Kxc5 d3 56. Nxd3 Nxe6+ 57.
Kc6 Nd4+ 58. Kb7 a5 59. Ne5 Nc2 60. Nc4 Nb4 61. a3 Nc2 62. a4 Nd4 63. Nxa5 Ne6 64.
Nb3 Nd8+ 65. Kc8 Nc6 66. Kc7 Na7 67. Kb7 1-0

[Event "Late-Titled-Tuesday-Blitz-May-28-2024"]
[Site "Chess.com"]
[Date "2024.05.28"]
[Round "9"]
[White "Oleksandr_Bortnyk"]
[Black "Grebnev_A"]
[Result "1/2-1/2"]
[WhiteElo "3022"]
[BlackElo "2691"]
[TimeControl "180+1"]
[EndTime "15:45:32 PDT"]
[Termination "Game drawn - insufficient material"]

1. e4 c5 2. Be2 Nc6 3. d3 g6 4. f4 Bg7 5. Nf3 Nf6 6. c3 O-O 7.
O-O d6 8. Kh1 Rb8 9. Be3 b5 10.
Nbd2 b4 11. d4 bxc3 12. bxc3 cxd4 13. cxd4 Bd7 14. Bg1 Qa5 15. Nc4 Qb4 16. a3 Qb3 17. Qxb3 Rxb3 18. d5 Nb8 19. Nfd2 Rb7 20. Rab1 Rc7 21.
Bf3 Rfc8 22. e5 Ne8 23. Rfe1 Na6 24. e6 fxe6 25. dxe6 Bc6 26. Bxc6 Rxc6 27. Na5 R6c7 28. Ne4 Nf6 29. g3 Nxe4 30. Rxe4 Bc3 31. Ra4 Nc5 32. Bxc5 Rxc5 33. Nb7 R5c7 34. Rxa7 Rb8 35. Rb5 Kg7 36. Kg2 Bd4 37. Ra4 Rcxb7 38. Rxb7 Rxb7 39. Rxd4 Rb2+ 40. Kf3 Rb3+ 41. Ke4 Rxa3 42. Kd5 Kf6 43. Re4 Ra2 44. h3 Ra3 45. g4 Rxh3 46. Kc6 Ra3 47. Kd7 Ra7+ 48.
Ke8 h5 49. g5+ Kf5 50. Re1 h4 51. Kf7 h3 52. Rh1 Ra3 53. Kxe7 Re3 54. Kf7 Rxe6 55. Rxh3 Re4 56. Rh6 Rxf4 57. Rxg6 Ke4+ 58. Rf6 Rg4 59. g6 d5 60. g7 Rxg7+ 61. Kxg7 d4 62. Re6+ Kf3 63.
Rd6 Ke3 64. Re6+ Kf3 65. Rd6 Ke3 66. Kf6 d3 67. Ke5 d2 68. Rxd2 Kxd2 1/2-1/2

[Event "Late-Titled-Tuesday-Blitz-May-28-2024"]
[Site "Chess.com"]
[Date "2024.05.28"]
[Round "9"]
[White "slidingknight2775"]
[Black "SaiHanThiha"]
[Result "1-0"]
[WhiteElo "2632"]
[BlackElo "2525"]
[TimeControl "180+1"]
[EndTime "15:45:34 PDT"]
[Termination "slidingknight2775 won by checkmate"]

1. d4 Nf6 2. c4 e6 3. Nc3 Bb4 4. e3 O-O 5. Bd3 c5 6. Ne2 cxd4 7. exd4 d5 8. cxd5 exd5 9. O-O Nc6 10. a3 Bxc3 11.
Nxc3 Bg4 12. f3 Bh5 13. Kh1 Bg6 14. Bg5 a6 15. Bxg6 hxg6 16. Qd2 Qd7 17. Rad1 Nd8 18. Rfe1 Ne6 19. Bh4 Rac8 20. Re5 Rfd8 21. Bxf6 gxf6 22.
Rxd5 Qxd5 23. Nxd5 Rxd5 24. h3 Rc4 25. Qe2 Rcxd4 26.
Rxd4 Rxd4 27. Qc2 Kg7 28. Kh2 Rd7 29. Kg3 Nd4 30. Qa4 Nf5+ 31. Kh2 Rd2 32. Qb4 Ne3 33. Qxb7 f5 34. Qb4 Rxg2+ 35. Kh1 Rf2 36. Qd4+ Kh7 37.
Qxe3 Rxb2 38. Qd3 f4 39. Qxa6 Rb3 40. Kg2 Rb2+ 41. Kf1 Rb1+ 42. Ke2 Rb3 43. a4 Re3+ 44. Kf2 Ra3 45. Qb5 Ra2+ 46. Kf1 Ra1+ 47. Ke2 Ra2+ 48.
Kd1 f5 49. a5 Rh2 50. a6 Rxh3 51.
a7 Rxf3 52. a8=Q Kh6 53. Qxf3 Kg5 54. Qb4 Kf6 55. Qbxf4 g5 56. Qxf5+ Kg7 57. Qxg5+ Kh8 58. Qfh5# 1-0

[Event "Late-Titled-Tuesday-Blitz-May-28-2024"]
[Site "Chess.com"]
[Date "2024.05.28"]
[Round "9"]
[White "TatjanaVasilevich"]
[Black "RespectfulDaveOnYouTube"]
[Result "0-1"]
[WhiteElo "2566"]
[BlackElo "2489"]
[TimeControl "180+1"]
[EndTime "15:45:34 PDT"]
[Termination "RespectfulDaveOnYouTube won by resignation"]

1. d4 c5 2. d5 d6 3. c4 Nf6 4. Nc3 e6 5. e4 g6 6. f4 exd5 7.
cxd5 Bg7 8. Bb5+ Nfd7 9. Nf3 O-O 10. a4 Na6 11. O-O Nc7 12. Be2 b6 13. Nd2 Ba6 14.
Bxa6 Nxa6 15. Nc4 Qe7 16. Qf3 Rae8 17. Re1 Nb4 18. Rb1 Nc2 19. Rd1 f5 20. exf5 Bd4+ 21. Kh1 Qe1+ 22. Qf1 Qxf1+ 23. Rxf1 Rxf5 24. Nxd6 Ref8 25.
Nxf5 Rxf5 26. Bd2 Nf6 27. Rbc1 Nb4 28. d6 Nd3 29. Rcd1 Nxb2 30. Rde1 Nc4 31. Rd1 Nxd2 32. Rxd2 Bxc3 33. d7 Nxd7 34. Rxd7 Rf7 35. Rfd1 Bd4 36. Rd8+ Kg7 37. g3 h6 38. Kg2 g5 39. Kf3 gxf4 40. gxf4 Re7 41. Rd3 Kf7 42. h3 Re1 43. Kg4 Rg1+ 44. Kf5 Ke7 45. Ra8 a5 46. Rb8 Rb1 47. Rg3 c4 48. Rgg8 Kd6 49.
Rgd8+ Kc7 50. Rbc8+ Kb7 51. Rxc4 Bc5 52. Kf6 Re1 53. f5 Be7+ 54. Kg6 Bxd8 55. Kxh6 Rg1 56. h4 Bf6 57. h5 Rg5 58. Rf4 Rg3 59. Re4 Rg5 60. Rf4 Rg1 61. Re4 Bg5+ 62. Kg6 Bc1+ 63. Kf7 Rg5 64. f6 Rxh5 65. Kg6 Rg5+ 66. Kh7 Rf5 67. Kg6 Rf1 68. f7 Ba3 69. Re3 Bc5 70.
Re4 Kc6 71. Re6+ Kd5 72. Re2 Kc4 73. Rb2 Rf3 74. Rb5 Rg3+ 75. Kf6 Rf3+ 76. Kg7 Rf1 77. Kg8 Kd5 78. Kg7 Ke6 79. f8=Q Bxf8+ 80. Kg6 Bc5 81. Kg5 Ke5 82. Kg4 Ke4 83. Kg3 Rg1+ 84. Kh2 Rg8 85. Rb1 Kf3 86. Rf1+ Bf2 87. Rxf2+ Kxf2 0-1

[Event "Late-Titled-Tuesday-Blitz-May-28-2024"]
[Site "Chess.com"]
[Date "2024.05.28"]
[Round "9"]
[White "Slovak_fighter2000"]
[Black "nocnypako"]
[Result "1/2-1/2"]
[WhiteElo "2568"]
[BlackElo "2693"]
[TimeControl "180+1"]
[EndTime "15:45:35 PDT"]
[Termination "Game drawn by repetition"]

1. d4 Nf6 2. Nf3 g6 3. c4 Bg7 4. Nc3 d5 5. Bg5 Ne4 6. cxd5 Nxg5 7. Nxg5 e6 8. Qd2 h6 9. Nh3 exd5 10. Nf4 c6 11. e3 O-O 12. Bd3 Nd7 13. O-O Nf6 14. b4 Qd6 15. a3 Bd7 16. Rab1 a5 17. Na4 axb4 18. Qxb4 Qxb4 19. Rxb4 b5 20. Nc5 Rxa3 21. Rb3 Rfa8 22. Rfb1 Bf8 23. Nxd7 Nxd7 24. g3 Nb6 25. Bc2 Nc4 26. Rxa3 Rxa3 27. Nd3 Rc3 28. Ne1 Na3 29. Rb2 Nxc2 30. Nxc2 Ba3 31. Nxa3 Rxa3 32. Rc2 Ra6 33. Kf1 Kf8 34. Ke2 Ke7 35. Kd3 Kd6 36. Rb2 Ra3+ 37. Kd2 Kc7 38. h4 h5 39. Kc2 Kb6 40. Kb1 Ra4 41.
Re2 f5 42. Kb2 Ra8 43. Rc2 Ra4 44. Rc1 Kb7 45. Kb3 Kb6 46. Kb2 Rc4 47. Ra1 Kb7 48. Kb3 c5 49. dxc5 Rxc5 50. Rd1 Kb6 51. Ra1 Rc8 52.
Rd1 Rd8 53. Kb4 Rd7 54. Rd2 Rd6 55. Rd1 Rd8 56. Rd2 Kc6 57. Rc2+ Kd6 58. Ra2 Ke5 59.
Kxb5 Ke4 60. Kc5 Kf3 61. Kd4 Rc8 62. Ke5 Rc6 63. Kxd5 Rb6 64. Ke5 Rc6 65. Kd5 Rb6 66.
Ke5 Rc6 67. Kd5 1/2-1/2

[Event "Late-Titled-Tuesday-Blitz-May-28-2024"]
[Site "Chess.com"]
[Date "2024.05.28"]
[Round "9"]
[White "Lavandum24"]
[Black "protectiago"]
[Result "0-1"]
[WhiteElo "1729"]
[BlackElo "2116"]
[TimeControl "180+1"]
[EndTime "15:45:36 PDT"]
[Termination "protectiago won by checkmate"]

1. d4 Nf6 2. c4 g6 3. Nc3 d5 4. Bg5 Bg7 5. Bxf6 Bxf6 6. cxd5 c5 7. Nf3 cxd4 8. Nxd4 O-O 9. e4 Qb6 10. Nb3 e6 11. Be2 Rd8 12. Rb1 Qb4 13. O-O Bxc3 14.
bxc3 Qxc3 15. Rc1 Qe5 16. Qd3 Nc6 17. f4 Qc7 18. Qf3 exd5 19. exd5 Qb6+ 20. Kh1 Ne7 21. Rfd1 h5 22. h3 Nf5 23. Nc5 h4 24. Ne4 Re8 25. Bb5 Rxe4 26. Rb1 Qe3 27. Qxe3 Rxe3 28. d6 Ng3+ 29. Kh2 Bf5 30. d7 Rd8 31. Rbc1 a6 32.
Rc8 Rxc8 33. d8=Q+ Rxd8 34. Rxd8+ Kg7 35. Ba4 Re1 36. Rd1 Rxd1 37. Bxd1 b5 38. Bf3 b4 39. Bb7 a5 40. Bd5 Be6 41. Bb3 Bxb3 42. axb3 Kf6 43. Kg1 Kf5 44. Kf2 Kxf4 45. Ke1 Ke4 46. Kd2 Kd4 47.
Kc2 f5 48. Kd2 g5 49. Kc2 g4 50. Kd2 gxh3 51. gxh3 f4 52. Ke1 Kc3 53. Kf2 Kxb3 54.
Kf3 a4 55. Kxf4 a3 56. Kg4 a2 57. Kxh4 Ne4 58. Kg4 a1=Q 59. h4 Qh1 60. h5 Qxh5+ 61. Kxh5 Kc4 62. Kg4 Nc3 63. Kf3 b3 64. Ke3 b2 65. Kd2 b1=Q 66. Ke3 Qd3+ 67. Kf2 Qe2+ 68. Kg1 Kd4 69. Kh1 Ke3 70. Kg1 Kf3 71. Kh1 Qg2# 0-1

[Event "Late-Titled-Tuesday-Blitz-May-28-2024"]
[Site "Chess.com"]
[Date "2024.05.28"]
[Round "9"]
[White "KNVB"]
[Black "AryanTari"]
[Result "1-0"]
[WhiteElo "2790"]
[BlackElo "3007"]
[TimeControl "180+1"]
[EndTime "15:45:38 PDT"]
[Termination "KNVB won on time"]

1. e4 e5 2. Nf3 Nc6 3. Nc3 Nf6 4. Nd5 Be7 5. d4 exd4 6. Bc4 O-O 7. O-O d6 8. Nxd4 Nxd5 9. Bxd5 Nxd4 10. Qxd4 Bf6 11. Qd3 c6 12. Bb3 a5 13. a4 Be6 14. Bf4 Bxb3 15. Qxb3 Qe7 16. Rad1 Rfd8 17. Rfe1 Rd7 18. g3 h5 19. h4 Be5 20. Bg5 Bf6 21. Bxf6 Qxf6 22.
e5 Qd8 23. e6 Re7 24. exf7+ Rxf7 25. Qe6 d5 26. c4 Qb6 27. Re2 Qb3 28. Rc1 dxc4 29.
Rc3 Qd1+ 30. Kg2 Qd5+ 31. Qxd5 cxd5 32. Re5 Rd7 33. b3 Rc8 34. bxc4 d4 35. Rd3 Rxc4 36. Rxa5 g6 37. Kf3 Kf7 38. Ke4 Rc2 39. f4 Re2+ 40. Kf3 Rb2 41. Re5 Ra2 42. a5 Kf6 43. Rg5 Rb2 44. Rc5 Ra2 45. Re5 Rb2 46. Rg5 Rc2 47.
Rb5 Rc3 48. Rb6+ Kf5 49. Rb5+ Kf6 50. Rxc3 dxc3 51. Rc5 Rd3+ 52. Ke4 Rxg3 53. Rc7 Rg1 54.
Rxc3 Ra1 55. Rc5 Ra3 56. Rb5 Ke6 57. Rb6+ Kf7 58. Rxb7+ Kf6 59. Rb6+ Kg7 60. a6 Kh7 61. Rb7+ Kh6 62. a7 Ra1 63. Kd5 Ra4 64. Kc6 g5 65.
fxg5+ Kg6 66. Kc7 Ra1 67. Kb8 1-0

[Event "Late-Titled-Tuesday-Blitz-May-28-2024"]
[Site "Chess.com"]
[Date "2024.05.28"]
[Round "9"]
[White "PhileKhoob"]
[Black "Romkachess"]
[Result "1-0"]
[WhiteElo "2340"]
[BlackElo "2546"]
[TimeControl "180+1"]
[EndTime "15:45:40 PDT"]
[Termination "PhileKhoob won by resignation"]

1. Nf3 Nf6 2. g3 b6 3. Bg2 Bb7 4. O-O e6 5. c4 Be7 6. Nc3 O-O 7. Re1 d5 8. cxd5 Nxd5 9. e4 Nxc3 10. bxc3 c5 11.
d4 cxd4 12. cxd4 Nc6 13. Bb2 Na5 14. Rc1 Rc8 15. Qd3 Rxc1 16. Rxc1 Qa8 17. Nd2 Rc8 18. Rxc8+ Qxc8 19. d5 exd5 20. exd5 Bd6 21. Ne4 Bf8 22. h4 h6 23. Kh2 Nc4 24. Ba1 b5 25. Bh3 Qd8 26. Bg2 a6 27. Qd4 f6 28. Nc3 Ne5 29.
Ne2 Qc7 30. Qd2 Bc5 31. Nf4 Ng4+ 32. Kg1 Bxf2+ 33. Kf1 Bxg3 34. d6 Bxg2+ 35. Kxg2 Qc6+ 36. Kxg3 Ne5 37. Qd5+ Qxd5 38. Nxd5 Nd7 39. Nc7 Kf7 40. Nxa6 Ke6 41. Nc7+ Kxd6 42. Nxb5+ Kc5 43. Nc7 g5 44. h5 Kd6 45. Ne8+ Ke6 46. Ng7+ Kf7 47. Nf5 Nb6 48. Nxh6+ Ke6 49. Ng4 f5 50. Nf2 Nd5 51. h6 f4+ 52.
Kf3 Ne7 53. h7 Ng6 54. h8=Q Nxh8 55. Bxh8 Kf5 56. Ng4 Ke6 57. a4 Kd5 58. a5 Kc5 59. Bc3 Kb5 60. Ke4 Ka6 61. Kf5 f3 62. Kxg5 Kb7 63.
Nf2 Ka6 64. Kf4 Kb7 65. Kxf3 Ka6 66. Ke4 Kb7 67. Kd5 Ka6 68. Kc5 Kb7 69. Kb5 Ka7 70.
a6 Ka8 71. Kb6 Kb8 72. Nd3 Ka8 73. Nb4 Kb8 74. Nd5 Ka8 75. Nc7+ Kb8 76. a7+ Kc8 77.
Kc6 1-0

[Event "Late-Titled-Tuesday-Blitz-May-28-2024"]
[Site "Chess.com"]
[Date "2024.05.28"]
[Round "9"]
[White "KirAk47"]
[Black "DeTimmerman"]
[Result "1-0"]
[WhiteElo "2608"]
[BlackElo "2742"]
[TimeControl "180+1"]
[EndTime "15:45:41 PDT"]
[Termination "KirAk47 won by resignation"]

1. c4 Nf6 2. g3 e6 3. Bg2 d5 4.
Nf3 Be7 5. O-O O-O 6. Nc3 dxc4 7. Qa4 a6 8. Ne5 Nd5 9. Qxc4 b5 10. Qb3 Bb7 11.
a4 b4 12. Nxd5 Bxd5 13. Bxd5 Qxd5 14. Qxd5 exd5 15. d4 Bd6 16. Nd3 Nd7 17. Bf4 Bxf4 18. Nxf4 c6 19. Rfc1 Rfc8 20. b3 g5 21. Nd3 a5 22.
Ra2 Ra6 23. Nc5 Nxc5 24. Rxc5 Re8 25. Rac2 Re6 26. Kf1 Kf8 27. Ke1 Ke7 28. Kd2 Kd6 29.
Rc1 g4 30. Rh1 Rh6 31. e3 Kc7 32. Ke2 Ra8 33. Rcc1 Re8 34. h4 gxh3 35. Rh2 Kb6 36. Rch1 c5 37. dxc5+ Kxc5 38. Rxh3 Rxh3 39. Rxh3 Rc8 40.
Rxh7 Rc7 41. Kd3 Kd6 42. Kd4 Rc3 43. Rh6+ Kc7 44. Kxd5 Rxb3 45. Ra6 Rb2 46. f4 Rb3 47. Kd4 Rb2 48. Rxa5 Rh2 49. Rc5+ Kd6 50. Rb5 Rg2 51.
Rxb4 Rxg3 52. Rb6+ Kc7 53. a5 Rg1 54. Rf6 Rd1+ 55.
Ke4 Rd7 56. Kf5 Re7 57. e4 Kb7 58. e5 Ka7 59. a6 Rc7 60. Kg5 Rc1 61. Rxf7+ Ka8 62.
e6 Re1 63. Kf6 Rg1 64. f5 Re1 65. Rd7 Rh1 66. e7 Re1 67. Rd8+ Ka7 68. e8=Q Rb1 69. Qd7+ Kxa6 70. Ra8+ 1-0

[Event "Late-Titled-Tuesday-Blitz-May-28-2024"]
[Site "Chess.com"]
[Date "2024.05.28"]
[Round "9"]
[White "CarlosjPineror"]
[Black "rhungaski"]
[Result "0-1"]
[WhiteElo "2747"]
[BlackElo "2619"]
[TimeControl "180+1"]
[EndTime "15:45:45 PDT"]
[Termination "rhungaski won by resignation"]

1. e4 e6 2. d3 c5 3. Nd2 Nc6 4.
Ngf3 g6 5. g3 Bg7 6. Bg2 d6 7.
O-O Nge7 8. h4 h6 9. c3 b6 10. Re1 Bb7 11. Qe2 Qc7 12. a4 a6 13. Nf1 d5 14. exd5 Nxd5 15. N1h2 Nde7 16. Ng4 Nf5 17. Bf4 Qe7 18. Rad1 O-O 19. Qd2 Kh7 20. h5 gxh5 21. Ne3 Nxe3 22. Qxe3 Qd7 23. Qe4+ Kg8 24. Qe3 Ne7 25.
Ne5 Qc8 26. Be4 Bxe4 27. dxe4 Bxe5 28. Bxe5 Kh7 29. Bf6 Ng6 30. Rd6 e5 31. Qf3 Qg4 32. Qxg4 hxg4 33. Red1 b5 34. a5 Rfe8 35. R1d5 c4 36. Rb6 Ra7 37. Rdd6 Rea8 38. Kf1 h5 39. Ke2 Kg8 40. Ke3 Kf8 41. Rd5 Re8 42. Rc6 Kg8 43.
Rcc5 Re6 44. Bxe5 Rae7 45. Kd4 f6 46. Rd8+ Kf7 47. Bb8 Rxe4+ 48. Kd5 R7e6 49. Rc7+ Ne7+ 50. Kc5 R4e5+ 51. Kb4 Re2 52. Rdd7 Rxb2+ 53. Ka3 Rb3+ 54. Ka2 Rxc3 55. Ba7 Rd3 56. Rxd3 cxd3 57. Rd7 Re2+ 58. Kb3 d2 59. Be3 Ke6 60. Ra7 Nd5 61. Rxa6+ Kf5 62.
Kc2 Nxe3+ 63. fxe3 Rxe3 64. Rb6 Rxg3 65. Rxb5+ Kf4 66.
Rxh5 Ra3 67. Kxd2 f5 0-1

[Event "Late-Titled-Tuesday-Blitz-May-28-2024"]
[Site "Chess.com"]
[Date "2024.05.28"]
[Round "9"]
[White "JonasGallasch"]
[Black "Tibmat"]
[Result "1-0"]
[WhiteElo "2497"]
[BlackElo "2669"]
[TimeControl "180+1"]
[EndTime "15:45:51 PDT"]
[Termination "JonasGallasch won by resignation"]

1. e4 d6 2. Nf3 Nf6 3. Nc3 e5 4. Bc4 Be7 5. h3 O-O 6. O-O c6 7. d3 b5 8. Bb3 Nbd7 9. Be3 Qc7 10. a4 b4 11. Nb1 Nc5 12. Bxc5 dxc5 13. Nbd2 Kh8 14. Nc4 Nd7 15. Nh2 Rd8 16. Ng4 f6 17. Nge3 Nf8 18. Nf5 Ne6 19. Nce3 Bf8 20. Bc4 g6 21.
Ng3 a5 22. Ne2 Bh6 23. Ng4 Bg7 24. Qd2 h5 25. Nh2 Kh7 26. f4 Bh6 27. g3 h4 28.
Ng4 exf4 29. Nxf6+ Kg7 30. Ng4 Nd4 31. Nxh6 Nxe2+ 32. Qxe2 Kxh6 33. Rxf4 Qe5 34. Rxh4+ Kg7 35. Qe3 g5 36. Rh5 Kg6 37. g4 Bd7 38. Rf1 Rf8 39. Rf5 Qd4 40. Rhxg5+ Kh6 41. Rh5+ Kg6 42. Qxd4 cxd4 43. Rfg5+ Kf6 44. Rc5 Ke7 45. Rxa5 Rxa5 46. Rxa5 Rf3 47. Kg2 Re3 48. Kf2 Rxh3 49. Bb3 Bxg4 50.
Rg5 Bd7 51. a5 Rh2+ 52. Kg3 Rh1 53. a6 Ra1 54. Bc4 Kd6 55. Rg7 Kc7 56. Be6 Kb6 57. Rxd7 Rxa6 58. Bb3 Ra1 59. Rd6 Rg1+ 60. Kf2 Rh1 61.
Bd5 Kc5 62. Rxc6+ Kb5 63. Rc4 Rh2+ 64. Ke1 b3 65. cxb3 Rxb2 66. Rxd4 Kc5 67. Rc4+ Kd6 68.
b4 Ke5 69. Kd1 Rb1+ 70. Kc2 Rg1 71. Rc5 Rg7 72. Bc4+ Kd4 73. Rd5+ Ke3 74. b5 Rg2+ 75. Kc3 Rg6 76. b6 Rxb6 77. Rb5 Rc6 78. Rb1 Kf4 79. Re1 Ke5 80. d4+ Kf6 81. d5 Ke7 82. dxc6 1-0

[Event "Late-Titled-Tuesday-Blitz-May-28-2024"]
[Site "Chess.com"]
[Date "2024.05.28"]
[Round "9"]
[White "karinachess1"]
[Black "Abund"]
[Result "0-1"]
[WhiteElo "2648"]
[BlackElo "2833"]
[TimeControl "180+1"]
[EndTime "15:45:52 PDT"]
[Termination "Abund won by resignation"]

1. d4 d5 2. c4 e6 3. Nc3 Nf6 4. cxd5 exd5 5. Bg5 c6 6. e3 h6 7. Bh4 Be7 8. Bd3 O-O 9. Nf3 Ne4 10. Bxe7 Qxe7 11.
Qc2 Re8 12. O-O Bf5 13. a3 Nd7 14. b4 a6 15. Na4 b5 16. Nc5 Ndxc5 17. bxc5 f6 18.
Rfe1 Qf7 19. Nd2 Nxd2 20. Bxf5 Ne4 21. f3 g6 22. fxe4 gxf5 23. exf5 Re4 24. Qf2 Kh7 25. Qf3 a5 26. Rf1 Rg8 27. Rae1 Rg5 28. g3 Qg7 29. Kh1 Qc7 30. Rg1 Qd7 31. Ref1 Rg8 32. g4 Qe7 33. Re1 Re8 34. Rg3 Rxd4 35. exd4 Qxe1+ 36. Rg1 Qe4 37. Qxe4 Rxe4 38. Rd1 Rxg4 39. h3 Rf4 40. Re1 Rxd4 41. Re7+ Kg8 42. Re6 b4 43. axb4 axb4 44.
Rxc6 Kf7 45. Rb6 Rc4 46. Rb7+ Kf8 47. Kg2 Rxc5 48. Rxb4 Rc3 49. Rd4 Rc5 50. Kf3 Ke7 51. Ra4 Kd6 52. Ra6+ Ke5 53. Kg4 Rc4+ 54. Kh5 Kxf5 55.
Rd6 Ke5 56. Rd8 Rf4 57. h4 d4 58. Re8+ Kf5 59. Rd8 Ke4 60. Re8+ Kf3 61. Rd8 Ke3 62. Kxh6 Rxh4+ 63. Kg6 Rf4 64. Re8+ Kd2 65. Rd8 d3 66. Kh5 Ke2 67. Re8+ Kf2 68. Re4 Rxe4 0-1